 Dungeon Crawl Stone Soup version 0.23-a0-767-gdc19b93d68 (webtiles) character file.

70 unregenerate the Sneak (level 4, -5/27 HPs)
             Began as an Octopode Earth Elementalist on Jan 28, 2019.
             Slain by a worker ant (8 damage)
             ... on level 1 of the Dungeon.
             The game lasted 00:05:14 (1153 turns).

unregenerate the Sneak (OpEE)                       Turns: 1153, Time: 00:05:15

Health: -5/27      AC:  1    Str:  7    XL:     4   Next: 21%
Magic:  0/7        EV: 13    Int: 18    God:
Gold:   95         SH:  0    Dex: 12    Spells: 1/7 levels left

rFire    . . .     SeeInvis .   a - +0 short sword
rCold    . . .     Gourm    .   (no shield)
rNeg     . . .     Faith    .   (helmet restricted)
rPois    .         Spirit   .   (no amulet)
rElec    .         Reflect  .   (no ring)
rCorr    .         Harm     .   (no ring)
MR       .....                  (no ring)
Stlth    ++++......             (no ring)
HPRegen  0.09/turn              (no ring)
MPRegen  0.10/turn              (no ring)
                                (no ring)
                                (no ring)

@: no status effects
A: almost no armour, stealthy swim, amphibious, 8 rings, constrict 8, camouflage
1, gelatinous body 1
a: no special abilities


You were on level 1 of the Dungeon.
You were not hungry.

You visited 1 branch of the dungeon, and saw 2 of its levels.

You collected 95 gold pieces.

Inventory:

Hand Weapons
 a - a +0 short sword (weapon)
 j - a +0 hunting sling
Missiles
 b - 48 stones (quivered)
 i - 28 bolts
Scrolls
 f - a scroll of remove curse {unknown}
 g - 4 scrolls of identify
 k - a scroll of amnesia {unknown}
 l - a scroll of enchant weapon {unknown}
Potions
 e - a potion of cancellation
 h - 2 potions of heal wounds
 m - a potion of magic {unknown}
Comestibles
 c - a ration
 d - 5 chunks of flesh


   Skills:
 + Level 2.0 Dodging
 - Level 5.0 Stealth
 + Level 2.3 Spellcasting
 * Level 0.7 Conjurations
 - Level 1.0 Transmutations
 + Level 3.4 Earth Magic


You had one spell level left.
You knew the following spells:

 Your Spells              Type           Power        Failure   Level  Hunger
a - Sandblast             Erth           ##....       4%          1    #......
b - Passwall              Tmut/Erth      ##......     11%         2    ##.....
c - Stone Arrow           Conj/Erth      #.....       22%         3    ###....

Your spell library contained the following spells:

 Spells                   Type           Power        Failure   Level  Hunger
 Petrify                  Tmut/Erth      ##......     56%         4    #####..
 Lee's Rapid Deconstruct  Erth           ##........   75%         5    ######.


Dungeon Overview and Level Annotations

Branches:
Dungeon (2/15)

Altars:
Cheibriados


Innate Abilities, Weirdness & Mutations

You cannot wear most types of armour.
You are very stealthy in the water. (Stealth+)
You are amphibious.
You can wear up to eight rings at the same time.
You can use your tentacles to constrict eight enemies at once.
Your skin changes colour to match your surroundings (Stealth+).
Your rubbery body absorbs attacks. (AC +1, EV +1)


Message History

Casting: Sandblast (safe; 4% risk of failure)
Confirm with . or Enter, or press ? or * to list all spells.
Aiming: Sandblast (safe; 4% risk of failure)
Press: ? - help, Shift-Dir - straight line, f/p - worker ant
Aim: a worker ant (severely wounded)
The blast of sand misses the worker ant.
b - 49 stones The worker ant barely misses you.
The worker ant bites you.
* * * LOW HITPOINT WARNING * * *
Casting: Sandblast (safe; 4% risk of failure)
Confirm with . or Enter, or press ? or * to list all spells.
Aiming: Sandblast (safe; 4% risk of failure)
Press: ? - help, Shift-Dir - straight line, f/p - worker ant
Aim: a worker ant (heavily wounded)
The blast of sand hits the worker ant.
The worker ant is almost dead.
b - 48 stones The worker ant bites you!
You die...

.......###.########....#.#..#
..####.................#....# ##♣
#####.######......##...# #.#
#...#####...# #.# #...# #.).#
##'## #...# #...# ♣♣♣
#...######### #...# ♣>♣
♣♣♣♣#........########...#####
.♣♣♣♣...#.......@a........>......
....♣♣.♣#........################
.♣♣...♣..........#
♣.♣...♣.#...####'##
♣♣♣♣♣♣♣♣##'##.....##########
#.##..............#
#.##.....#.....##.#
#.##.....#......#.#
#.##.....#......#.######


You could see a worker ant.

Vanquished Creatures
  Jessica (D:2)
  2 oozes (D:1)
  A dart slug (D:1)
  2 giant cockroaches
  3 goblins (D:1)
  4 hobgoblins
  2 quokkas (D:2)
  4 bats (D:1)
  3 frilled lizards
  7 kobolds (D:1)
  7 rats
36 creatures vanquished.

Notes
Turn   | Place    | Note
-------+----------+-------------------------------------------
     0 | D:1      | unregenerate the Octopode Earth Elementalist began the
                  | quest for the Orb.
     0 | D:1      | Reached XP level 1. HP: 11/11 MP: 3/3
    43 | D:1      | Reached skill level 3 in Stealth
   106 | D:1      | Reached XP level 2. HP: 9/17 MP: 5/5
   112 | D:1      | Reached skill level 4 in Stealth
   463 | D:1      | Reached skill level 5 in Stealth
   463 | D:1      | Reached XP level 3. HP: 12/21 MP: 3/6
   467 | D:1      | Learned a level 2 spell: Passwall
   471 | D:1      | Learned a level 3 spell: Stone Arrow
   931 | D:2      | Found a snail-covered altar of Cheibriados.
   992 | D:2      | Noticed Jessica
  1136 | D:2      | Killed Jessica
  1136 | D:2      | Reached XP level 4. HP: 24/27 MP: 3/7
  1153 | D:1      | Slain by a worker ant

Vault maps used:
D:1:      roderic_dead_forest, corexii_corridor_pit, minmay_nonomino_d4
D:2:      cheibriados_altar_1, gammafunk_temple_overflow_statue, first_ration,
          uniq_robin, uniq_crazy_yiuf_cottage, uniq_jessica

Skill      XL: |  1  2 |
---------------+-------+-----
Stealth        | 3 5 |  5.0
Dodging        | |  2.0
Spellcasting   | |  2.3
Conjurations   | |  0.7
Transmutations | |  1.0
Earth Magic    | |  3.4

Action                   |  1- 3 |  4- 6 || total
-------------------------+-------+-------++-------
Melee: Short sword       |    33 |       ||    33
       Constrict         |    10 |       ||    10
       Unarmed           |     2 |       ||     2
       Tentacles         |     5 |       ||     5
 Cast: Sandblast         |    31 |     6 ||    37
  Use: Scroll            |     2 |       ||     2
 Stab: Sleeping          |     8 |       ||     8
  Eat: Chunk             |     1 |       ||     1
Armor: Skin              |     6 |       ||     6
Dodge: Dodged            |    21 |     3 ||    24

Table legend:
 A = Non-vault XP
 B = Vault XP
 C = Vault XP percentage of total XP
 D = Non-vault monster count
 E = Vault monster count
 F = Vault count percentage of total count
                 A         B        C        D         E       F
            +---------+---------+-------+---------+---------+-------
      Total |      49 |      51 |  51.0 |      25 |      11 |  30.6
            +---------+---------+-------+---------+---------+-------
        D:1 |      38 |      14 |  26.9 |      18 |      10 |  35.7
        D:2 |      11 |      37 |  77.1 |       7 |       1 |  12.5
            +---------+---------+-------+---------+---------+-------
